 Dungeon Crawl Stone Soup version 0.29-a0-757-g358383bc75 (webtiles) character file.

Game seed: 16727796602794800310

1 buhh the Shooter (level 1, -5/16 HPs)
             Began as a Formicid Hunter on June 30, 2022.
             Slain by a gnoll
             ... wielding a +0 whip
              (8 damage)
             ... on level 1 of the Dungeon.
             The game lasted 00:00:14 (69 turns).

buhh the Shooter (Formicid Hunter)                    Turns: 69, Time: 00:00:15

Health: -5/16      AC:  3    Str: 15    XL:     1   Next: 22%
Magic:  1/1        EV: 12    Int:  8    God:
Gold:   0          SH:  0    Dex: 17    Spells: 0/0 levels left

rFire   . . .      SeeInvis +   a - +0 shortbow
rCold   . . .      Faith    .   (no shield)
rNeg    . . .      Spirit   .   c - +0 leather armour
rPois   .          Reflect  .   (helmet unavailable)
rElec   .          Harm     .   (no cloak)
rCorr   .          Rampage  .   (no gloves)
Will    .....                   (no boots)
Stlth   ++........              (no amulet)
HPRegen 0.05/turn               (no ring)
MPRegen 0.07/turn               (no ring)

@: no status effects
A: permanent stasis, dig shafts and tunnels, antennae 3, four strong arms
a: Dig, Shaft Self


You were on level 1 of the Dungeon.
You visited 1 branch of the dungeon, and saw 1 of its levels.

Inventory:

Hand Weapons
 a - a +0 shortbow (weapon)
Armour
 c - a +0 leather armour (worn)
Scrolls
 T - a scroll of immolation {!d}


   Skills:
 + Level 2.2 Fighting
 + Level 4.0 Ranged Weapons
 + Level 1.8 Dodging
 + Level 1.3 Stealth


You couldn't memorise any spells.
You didn't know any spells.
Your spell library was empty.

Dungeon Overview and Level Annotations

Branches:
Dungeon (1/15) Zot: 5927

Altars:


Innate Abilities, Weirdness & Mutations

You cannot be hasted, slowed, berserked, paralysed or teleported.
You can dig through walls and to a lower floor.
You have a pair of large antennae on your head. (SInv)
Your four strong arms can wield two-handed weapons with a shield.


Message History

There is an open door here.
As you open the door, it creaks loudly!
There is an open door here.
You sense a monster nearby.
A bat comes into view.
You shoot an arrow. The arrow misses the bat.
The bat barely misses you. x2
You shoot an arrow. The arrow closely misses the bat.
The bat closely misses you.
You shoot an arrow. The arrow hits the bat!
You kill the bat!
No target in view!
No target in view!
You sense a monster nearby.
You see here a bat corpse.
A gnoll comes into view. It is wielding a +0 whip.
A gnoll is nearby!
You shoot an arrow. The arrow hits the gnoll.
The gnoll shouts!
The gnoll is lightly wounded.
You shoot an arrow. The arrow hits the gnoll.
The gnoll is moderately wounded.
The gnoll hits you with a +0 whip.
You shoot an arrow. The arrow closely misses the gnoll.
The gnoll hits you with a +0 whip.
You are too injured to fight recklessly!
You are too injured to fight recklessly!
Fire: a) +0 shortbow
Press: ? - help, Q - select action, (/) - cycle Shift-Dir - straight line, f/p - gnoll
Aim: a gnoll, wielding a +0 whip (moderately wounded)
You shoot an arrow. The arrow hits the gnoll.
The gnoll is moderately wounded.
The gnoll hits you with a +0 whip.
* * * LOW HITPOINT WARNING * * *
Are you sure you want to shaft yourself?
The gnoll hits you with a +0 whip.
* * * LOW HITPOINT WARNING * * *
You begin to dig a shaft.
You continue digging a shaft.
The gnoll hits you with a +0 whip!
Ouch! That really hurt!
You die...

#...#..###.#.#
#...#......#.#
############.#
##.# #..# #.##
#.# ######†##
#...!@..#
......g##.#
#...... ....
#...#..#..#.#
#.. ...#..#.#
#. ........ #
# ##.(.#.##
....#.


You could see a gnoll.

Vanquished Creatures
  A ball python (D:1)
  A bat (D:1)
2 creatures vanquished.

Notes
Turn   | Place    | Note
-------+----------+-------------------------------------------
     0 | D:1      | buhh the Formicid Hunter began the quest for the Orb.
     0 | D:1      | Reached XP level 1. HP: 16/16 MP: 1/1
    69 | D:1      | Slain by a gnoll

Illustrated notes

Levels and vault maps discovered:
D:1:      dpeg_arrival_court, layout_loops_cross

Action                   || total
-------------------------++-------
 Fire: Shortbow          ||     8
 Abil: Dig               ||     1
       Shaft Self        ||     1
Dodge: Dodged            ||     3

Table legend: (Time is in decaauts)
 A = Elapsed time spent in this place.
 B = Non-inter-level travel time spent in this place.
 C = Inter-level travel time spent in this place.
 D = Time resting spent in this place.
 E = Time spent auto-exploring this place.
 F = Levels seen in this place.
 G = Mean time per level.
                   A        B        C        D        E       F      G
               +--------+--------+--------+--------+--------+-----+--------+
         Total |     71 |     71 |      0 |      0 |     54 |   1 |   71.0 |
       Dungeon |     71 |     71 |      0 |      0 |     54 |   1 |   71.0 |
               +--------+--------+--------+--------+--------+-----+--------+

Top non-repeatable levels by time:
     D:1: 71 daAuts
